%YAML 1.1
%TAG !u! tag:unity3d.com,2011:
--- !u!1 &3158178336435574642
GameObject:
  m_ObjectHideFlags: 0
  m_CorrespondingSourceObject: {fileID: 0}
  m_PrefabInstance: {fileID: 0}
  m_PrefabAsset: {fileID: 0}
  serializedVersion: 6
  m_Component:
  - component: {fileID: 5902358445619258952}
  m_Layer: 0
  m_Name: Caisse_Fourre_Tout
  m_TagString: Untagged
  m_Icon: {fileID: 0}
  m_NavMeshLayer: 0
  m_StaticEditorFlags: 0
  m_IsActive: 1
--- !u!4 &5902358445619258952
Transform:
  m_ObjectHideFlags: 0
  m_CorrespondingSourceObject: {fileID: 0}
  m_PrefabInstance: {fileID: 0}
  m_PrefabAsset: {fileID: 0}
  m_GameObject: {fileID: 3158178336435574642}
  m_LocalRotation: {x: 0, y: 0, z: 0, w: 1}
  m_LocalPosition: {x: 0, y: 0, z: 0}
  m_LocalScale: {x: 1, y: 1, z: 1}
  m_Children:
  - {fileID: 4149797880428502987}
  - {fileID: 4149797880423453742}
  - {fileID: 4149797881675567202}
  - {fileID: 5022314768774638813}
  - {fileID: 7076339944813221027}
  m_Father: {fileID: 0}
  m_RootOrder: 0
  m_LocalEulerAnglesHint: {x: 0, y: 0, z: 0}
--- !u!1001 &4475929672823977865
PrefabInstance:
  m_ObjectHideFlags: 0
  serializedVersion: 2
  m_Modification:
    m_TransformParent: {fileID: 5902358445619258952}
    m_Modifications:
    - target: {fileID: -8679921383154817045, guid: c2cf04a22bbbef2469644191b15d1e7f,
        type: 3}
      propertyPath: m_LocalPosition.x
      value: 4.78
      objectReference: {fileID: 0}
    - target: {fileID: -8679921383154817045, guid: c2cf04a22bbbef2469644191b15d1e7f,
        type: 3}
      propertyPath: m_LocalPosition.y
      value: -4.9370003
      objectReference: {fileID: 0}
    - target: {fileID: -8679921383154817045, guid: c2cf04a22bbbef2469644191b15d1e7f,
        type: 3}
      propertyPath: m_LocalPosition.z
      value: 3.9360003
      objectReference: {fileID: 0}
    - target: {fileID: -8679921383154817045, guid: c2cf04a22bbbef2469644191b15d1e7f,
        type: 3}
      propertyPath: m_LocalRotation.x
      value: -0
      objectReference: {fileID: 0}
    - target: {fileID: -8679921383154817045, guid: c2cf04a22bbbef2469644191b15d1e7f,
        type: 3}
      propertyPath: m_LocalRotation.y
      value: -0.099076964
      objectReference: {fileID: 0}
    - target: {fileID: -8679921383154817045, guid: c2cf04a22bbbef2469644191b15d1e7f,
        type: 3}
      propertyPath: m_LocalRotation.z
      value: -0
      objectReference: {fileID: 0}
    - target: {fileID: -8679921383154817045, guid: c2cf04a22bbbef2469644191b15d1e7f,
        type: 3}
      propertyPath: m_LocalRotation.w
      value: 0.9950798
      objectReference: {fileID: 0}
    - target: {fileID: -8679921383154817045, guid: c2cf04a22bbbef2469644191b15d1e7f,
        type: 3}
      propertyPath: m_RootOrder
      value: 2
      objectReference: {fileID: 0}
    - target: {fileID: -8679921383154817045, guid: c2cf04a22bbbef2469644191b15d1e7f,
        type: 3}
      propertyPath: m_LocalEulerAnglesHint.x
      value: 0
      objectReference: {fileID: 0}
    - target: {fileID: -8679921383154817045, guid: c2cf04a22bbbef2469644191b15d1e7f,
        type: 3}
      propertyPath: m_LocalEulerAnglesHint.y
      value: -11.372001
      objectReference: {fileID: 0}
    - target: {fileID: -8679921383154817045, guid: c2cf04a22bbbef2469644191b15d1e7f,
        type: 3}
      propertyPath: m_LocalEulerAnglesHint.z
      value: 0
      objectReference: {fileID: 0}
    - target: {fileID: -4780072770720950627, guid: c2cf04a22bbbef2469644191b15d1e7f,
        type: 3}
      propertyPath: m_Materials.Array.data[0]
      value: 
      objectReference: {fileID: 2100000, guid: 50cee7e495ed7174f8f984b4d1f71027, type: 2}
    - target: {fileID: 919132149155446097, guid: c2cf04a22bbbef2469644191b15d1e7f,
        type: 3}
      propertyPath: m_Name
      value: bocal1 (1)
      objectReference: {fileID: 0}
    m_RemovedComponents: []
  m_SourcePrefab: {fileID: 100100000, guid: c2cf04a22bbbef2469644191b15d1e7f, type: 3}
--- !u!4 &4149797881675567202 stripped
Transform:
  m_CorrespondingSourceObject: {fileID: -8679921383154817045, guid: c2cf04a22bbbef2469644191b15d1e7f,
    type: 3}
  m_PrefabInstance: {fileID: 4475929672823977865}
  m_PrefabAsset: {fileID: 0}
--- !u!1001 &4475929674062592032
PrefabInstance:
  m_ObjectHideFlags: 0
  serializedVersion: 2
  m_Modification:
    m_TransformParent: {fileID: 5902358445619258952}
    m_Modifications:
    - target: {fileID: -8679921383154817045, guid: e6151ab660b39294eafabe764b085820,
        type: 3}
      propertyPath: m_LocalPosition.x
      value: 4.9
      objectReference: {fileID: 0}
    - target: {fileID: -8679921383154817045, guid: e6151ab660b39294eafabe764b085820,
        type: 3}
      propertyPath: m_LocalPosition.y
      value: -4.999
      objectReference: {fileID: 0}
    - target: {fileID: -8679921383154817045, guid: e6151ab660b39294eafabe764b085820,
        type: 3}
      propertyPath: m_LocalPosition.z
      value: 4.2040005
      objectReference: {fileID: 0}
    - target: {fileID: -8679921383154817045, guid: e6151ab660b39294eafabe764b085820,
        type: 3}
      propertyPath: m_LocalRotation.x
      value: -0
      objectReference: {fileID: 0}
    - target: {fileID: -8679921383154817045, guid: e6151ab660b39294eafabe764b085820,
        type: 3}
      propertyPath: m_LocalRotation.y
      value: 0.9974557
      objectReference: {fileID: 0}
    - target: {fileID: -8679921383154817045, guid: e6151ab660b39294eafabe764b085820,
        type: 3}
      propertyPath: m_LocalRotation.z
      value: -0
      objectReference: {fileID: 0}
    - target: {fileID: -8679921383154817045, guid: e6151ab660b39294eafabe764b085820,
        type: 3}
      propertyPath: m_LocalRotation.w
      value: 0.07128981
      objectReference: {fileID: 0}
    - target: {fileID: -8679921383154817045, guid: e6151ab660b39294eafabe764b085820,
        type: 3}
      propertyPath: m_RootOrder
      value: 0
      objectReference: {fileID: 0}
    - target: {fileID: -8679921383154817045, guid: e6151ab660b39294eafabe764b085820,
        type: 3}
      propertyPath: m_LocalEulerAnglesHint.x
      value: 0
      objectReference: {fileID: 0}
    - target: {fileID: -8679921383154817045, guid: e6151ab660b39294eafabe764b085820,
        type: 3}
      propertyPath: m_LocalEulerAnglesHint.y
      value: 171.824
      objectReference: {fileID: 0}
    - target: {fileID: -8679921383154817045, guid: e6151ab660b39294eafabe764b085820,
        type: 3}
      propertyPath: m_LocalEulerAnglesHint.z
      value: 0
      objectReference: {fileID: 0}
    - target: {fileID: -7511558181221131132, guid: e6151ab660b39294eafabe764b085820,
        type: 3}
      propertyPath: m_Materials.Array.data[0]
      value: 
      objectReference: {fileID: 2100000, guid: 0577567df0e0680458432447e9b06dae, type: 2}
    - target: {fileID: 919132149155446097, guid: e6151ab660b39294eafabe764b085820,
        type: 3}
      propertyPath: m_Name
      value: Potion_04 (1)
      objectReference: {fileID: 0}
    m_RemovedComponents: []
  m_SourcePrefab: {fileID: 100100000, guid: e6151ab660b39294eafabe764b085820, type: 3}
--- !u!4 &4149797880428502987 stripped
Transform:
  m_CorrespondingSourceObject: {fileID: -8679921383154817045, guid: e6151ab660b39294eafabe764b085820,
    type: 3}
  m_PrefabInstance: {fileID: 4475929674062592032}
  m_PrefabAsset: {fileID: 0}
--- !u!1001 &4475929674076287941
PrefabInstance:
  m_ObjectHideFlags: 0
  serializedVersion: 2
  m_Modification:
    m_TransformParent: {fileID: 5902358445619258952}
    m_Modifications:
    - target: {fileID: -8679921383154817045, guid: 8e0f8d9f41e674546a2b3dba7af886ca,
        type: 3}
      propertyPath: m_LocalPosition.x
      value: 4.867
      objectReference: {fileID: 0}
    - target: {fileID: -8679921383154817045, guid: 8e0f8d9f41e674546a2b3dba7af886ca,
        type: 3}
      propertyPath: m_LocalPosition.y
      value: -4.993
      objectReference: {fileID: 0}
    - target: {fileID: -8679921383154817045, guid: 8e0f8d9f41e674546a2b3dba7af886ca,
        type: 3}
      propertyPath: m_LocalPosition.z
      value: 4.0860004
      objectReference: {fileID: 0}
    - target: {fileID: -8679921383154817045, guid: 8e0f8d9f41e674546a2b3dba7af886ca,
        type: 3}
      propertyPath: m_LocalRotation.x
      value: -0
      objectReference: {fileID: 0}
    - target: {fileID: -8679921383154817045, guid: 8e0f8d9f41e674546a2b3dba7af886ca,
        type: 3}
      propertyPath: m_LocalRotation.y
      value: 0.052632414
      objectReference: {fileID: 0}
    - target: {fileID: -8679921383154817045, guid: 8e0f8d9f41e674546a2b3dba7af886ca,
        type: 3}
      propertyPath: m_LocalRotation.z
      value: -0
      objectReference: {fileID: 0}
    - target: {fileID: -8679921383154817045, guid: 8e0f8d9f41e674546a2b3dba7af886ca,
        type: 3}
      propertyPath: m_LocalRotation.w
      value: 0.99861395
      objectReference: {fileID: 0}
    - target: {fileID: -8679921383154817045, guid: 8e0f8d9f41e674546a2b3dba7af886ca,
        type: 3}
      propertyPath: m_RootOrder
      value: 1
      objectReference: {fileID: 0}
    - target: {fileID: -8679921383154817045, guid: 8e0f8d9f41e674546a2b3dba7af886ca,
        type: 3}
      propertyPath: m_LocalEulerAnglesHint.x
      value: 0
      objectReference: {fileID: 0}
    - target: {fileID: -8679921383154817045, guid: 8e0f8d9f41e674546a2b3dba7af886ca,
        type: 3}
      propertyPath: m_LocalEulerAnglesHint.y
      value: 6.0340004
      objectReference: {fileID: 0}
    - target: {fileID: -8679921383154817045, guid: 8e0f8d9f41e674546a2b3dba7af886ca,
        type: 3}
      propertyPath: m_LocalEulerAnglesHint.z
      value: 0
      objectReference: {fileID: 0}
    - target: {fileID: -7511558181221131132, guid: 8e0f8d9f41e674546a2b3dba7af886ca,
        type: 3}
      propertyPath: m_Materials.Array.data[0]
      value: 
      objectReference: {fileID: 2100000, guid: 1b5cd7b8add298f4c8dbf33af6ba107a, type: 2}
    - target: {fileID: 919132149155446097, guid: 8e0f8d9f41e674546a2b3dba7af886ca,
        type: 3}
      propertyPath: m_Name
      value: Caisse_02 (2)
      objectReference: {fileID: 0}
    m_RemovedComponents: []
  m_SourcePrefab: {fileID: 100100000, guid: 8e0f8d9f41e674546a2b3dba7af886ca, type: 3}
--- !u!4 &4149797880423453742 stripped
Transform:
  m_CorrespondingSourceObject: {fileID: -8679921383154817045, guid: 8e0f8d9f41e674546a2b3dba7af886ca,
    type: 3}
  m_PrefabInstance: {fileID: 4475929674076287941}
  m_PrefabAsset: {fileID: 0}
--- !u!1001 &4771671356578188086
PrefabInstance:
  m_ObjectHideFlags: 0
  serializedVersion: 2
  m_Modification:
    m_TransformParent: {fileID: 5902358445619258952}
    m_Modifications:
    - target: {fileID: -8679921383154817045, guid: e232ec252ac25d14dbadaa8fd247e16b,
        type: 3}
      propertyPath: m_LocalPosition.x
      value: 5.2342
      objectReference: {fileID: 0}
    - target: {fileID: -8679921383154817045, guid: e232ec252ac25d14dbadaa8fd247e16b,
        type: 3}
      propertyPath: m_LocalPosition.y
      value: -4.9848
      objectReference: {fileID: 0}
    - target: {fileID: -8679921383154817045, guid: e232ec252ac25d14dbadaa8fd247e16b,
        type: 3}
      propertyPath: m_LocalPosition.z
      value: 3.981
      objectReference: {fileID: 0}
    - target: {fileID: -8679921383154817045, guid: e232ec252ac25d14dbadaa8fd247e16b,
        type: 3}
      propertyPath: m_LocalRotation.x
      value: -0
      objectReference: {fileID: 0}
    - target: {fileID: -8679921383154817045, guid: e232ec252ac25d14dbadaa8fd247e16b,
        type: 3}
      propertyPath: m_LocalRotation.y
      value: 0.51271427
      objectReference: {fileID: 0}
    - target: {fileID: -8679921383154817045, guid: e232ec252ac25d14dbadaa8fd247e16b,
        type: 3}
      propertyPath: m_LocalRotation.z
      value: -0
      objectReference: {fileID: 0}
    - target: {fileID: -8679921383154817045, guid: e232ec252ac25d14dbadaa8fd247e16b,
        type: 3}
      propertyPath: m_LocalRotation.w
      value: 0.85855937
      objectReference: {fileID: 0}
    - target: {fileID: -8679921383154817045, guid: e232ec252ac25d14dbadaa8fd247e16b,
        type: 3}
      propertyPath: m_RootOrder
      value: 3
      objectReference: {fileID: 0}
    - target: {fileID: -8679921383154817045, guid: e232ec252ac25d14dbadaa8fd247e16b,
        type: 3}
      propertyPath: m_LocalEulerAnglesHint.x
      value: 0
      objectReference: {fileID: 0}
    - target: {fileID: -8679921383154817045, guid: e232ec252ac25d14dbadaa8fd247e16b,
        type: 3}
      propertyPath: m_LocalEulerAnglesHint.y
      value: 61.690002
      objectReference: {fileID: 0}
    - target: {fileID: -8679921383154817045, guid: e232ec252ac25d14dbadaa8fd247e16b,
        type: 3}
      propertyPath: m_LocalEulerAnglesHint.z
      value: 0
      objectReference: {fileID: 0}
    - target: {fileID: -7511558181221131132, guid: e232ec252ac25d14dbadaa8fd247e16b,
        type: 3}
      propertyPath: m_Materials.Array.data[0]
      value: 
      objectReference: {fileID: 2100000, guid: 1a3b45f2f783a6e49984e3ffef6363c8, type: 2}
    - target: {fileID: 919132149155446097, guid: e232ec252ac25d14dbadaa8fd247e16b,
        type: 3}
      propertyPath: m_Name
      value: Parchemin
      objectReference: {fileID: 0}
    m_RemovedComponents: []
  m_SourcePrefab: {fileID: 100100000, guid: e232ec252ac25d14dbadaa8fd247e16b, type: 3}
--- !u!4 &5022314768774638813 stripped
Transform:
  m_CorrespondingSourceObject: {fileID: -8679921383154817045, guid: e232ec252ac25d14dbadaa8fd247e16b,
    type: 3}
  m_PrefabInstance: {fileID: 4771671356578188086}
  m_PrefabAsset: {fileID: 0}
--- !u!1001 &7331452057360184136
PrefabInstance:
  m_ObjectHideFlags: 0
  serializedVersion: 2
  m_Modification:
    m_TransformParent: {fileID: 5902358445619258952}
    m_Modifications:
    - target: {fileID: -8679921383154817045, guid: e232ec252ac25d14dbadaa8fd247e16b,
        type: 3}
      propertyPath: m_LocalPosition.x
      value: 5.008
      objectReference: {fileID: 0}
    - target: {fileID: -8679921383154817045, guid: e232ec252ac25d14dbadaa8fd247e16b,
        type: 3}
      propertyPath: m_LocalPosition.y
      value: -4.82
      objectReference: {fileID: 0}
    - target: {fileID: -8679921383154817045, guid: e232ec252ac25d14dbadaa8fd247e16b,
        type: 3}
      propertyPath: m_LocalPosition.z
      value: 3.858
      objectReference: {fileID: 0}
    - target: {fileID: -8679921383154817045, guid: e232ec252ac25d14dbadaa8fd247e16b,
        type: 3}
      propertyPath: m_LocalRotation.x
      value: -0.44903344
      objectReference: {fileID: 0}
    - target: {fileID: -8679921383154817045, guid: e232ec252ac25d14dbadaa8fd247e16b,
        type: 3}
      propertyPath: m_LocalRotation.y
      value: 0.63287234
      objectReference: {fileID: 0}
    - target: {fileID: -8679921383154817045, guid: e232ec252ac25d14dbadaa8fd247e16b,
        type: 3}
      propertyPath: m_LocalRotation.z
      value: 0.50994056
      objectReference: {fileID: 0}
    - target: {fileID: -8679921383154817045, guid: e232ec252ac25d14dbadaa8fd247e16b,
        type: 3}
      propertyPath: m_LocalRotation.w
      value: 0.37121722
      objectReference: {fileID: 0}
    - target: {fileID: -8679921383154817045, guid: e232ec252ac25d14dbadaa8fd247e16b,
        type: 3}
      propertyPath: m_RootOrder
      value: 4
      objectReference: {fileID: 0}
    - target: {fileID: -8679921383154817045, guid: e232ec252ac25d14dbadaa8fd247e16b,
        type: 3}
      propertyPath: m_LocalEulerAnglesHint.x
      value: -78.19
      objectReference: {fileID: 0}
    - target: {fileID: -8679921383154817045, guid: e232ec252ac25d14dbadaa8fd247e16b,
        type: 3}
      propertyPath: m_LocalEulerAnglesHint.y
      value: -183.33499
      objectReference: {fileID: 0}
    - target: {fileID: -8679921383154817045, guid: e232ec252ac25d14dbadaa8fd247e16b,
        type: 3}
      propertyPath: m_LocalEulerAnglesHint.z
      value: 291.997
      objectReference: {fileID: 0}
    - target: {fileID: -7511558181221131132, guid: e232ec252ac25d14dbadaa8fd247e16b,
        type: 3}
      propertyPath: m_Materials.Array.data[0]
      value: 
      objectReference: {fileID: 2100000, guid: 1a3b45f2f783a6e49984e3ffef6363c8, type: 2}
    - target: {fileID: 919132149155446097, guid: e232ec252ac25d14dbadaa8fd247e16b,
        type: 3}
      propertyPath: m_Name
      value: Parchemin (1)
      objectReference: {fileID: 0}
    m_RemovedComponents: []
  m_SourcePrefab: {fileID: 100100000, guid: e232ec252ac25d14dbadaa8fd247e16b, type: 3}
--- !u!4 &7076339944813221027 stripped
Transform:
  m_CorrespondingSourceObject: {fileID: -8679921383154817045, guid: e232ec252ac25d14dbadaa8fd247e16b,
    type: 3}
  m_PrefabInstance: {fileID: 7331452057360184136}
  m_PrefabAsset: {fileID: 0}
